 Dungeon Crawl Stone Soup version 0.30-a0-534-gdc55766716 (webtiles) character file.

Game seed: 1571685401010708483

272 Popcorn the Grave Robber (level 6, 20/25 (45) HPs)
             Began as a Mummy Necromancer on Dec 24, 2022.
             Was an Initiate of Ru.
             Quit the game on level 6 of the Dungeon.
             The game lasted 00:30:48 (5701 turns).

Popcorn the Grave Robber (Mummy Necromancer)        Turns: 5701, Time: 00:30:50

HP:   20/25 (45)    AC:  3    Str: 12    XL:     6   Next: 2%
MP:   12/12         EV: 12    Int: 18    God:    Ru [......]
Gold: 196           SH:  0    Dex: 12    Spells: 3/13 levels left

rFire   x x .      SeeInvis .    (no weapon)
rCold   + . .      Faith    +    (no shield)
rNeg    + + +      Spirit   .    n - +1 robe of Reurunoi {rPois rF- Int+2}
rPois   ∞          Reflect  .    (no helmet)
rElec   .          Harm     .    (no cloak)
rCorr   +          Rampage  .    (no gloves)
Will    .....                    (no boots)
Stlth   ++                       (no amulet)
HPRegen 0.24/turn                h - ring of resist corrosion
MPRegen 0.13/turn                (no ring)

@: very heavily drained
A: cold resistance 1, negative energy resistance 3, torment resistance 2, heat
vulnerability 1, in touch with death 1, no potions, faith
a: Renounce Religion


You were on level 6 of the Dungeon.
You worshipped Ru.
Ru was noncommittal.
You visited 2 branches of the dungeon, and saw 7 of its levels.

You collected 292 gold pieces.
You spent 96 gold pieces at shops.

Inventory:

Hand Weapons
 l - a +1 long sword of protection
Armour
 n - the +1 robe of Reurunoi (worn) {rPois rF- Int+2}
   (You bought it in a shop on level 4 of the Dungeon)

   Int:       It affects your intelligence (+2).
   rF:        It makes you vulnerable to fire.
   rPois:     It protects you from poison.
Jewellery
 h - a ring of resist corrosion (left hand)
 o - a ring of protection from cold
 p - a +4 ring of protection
Wands
 j - a wand of iceblast (6)
 m - a wand of flame (11)
 q - a wand of charming (10)
Scrolls
 a - 2 scrolls of magic mapping {unknown}
 b - 2 scrolls of blinking
 c - 4 scrolls of identify
 d - 2 scrolls of fog {unknown}
 e - 4 scrolls of teleportation
 f - a scroll of torment {unknown}
 g - a scroll of enchant armour
 i - a scroll of summoning {unknown}
 k - a scroll of fear {unknown}
 r - a scroll of noise {unknown}
 s - a scroll of amnesia {unknown}


   Skills:
 + Level 2.3 Fighting
 + Level 2.6 Dodging
 - Level 1.5 Stealth
 + Level 4.1 Spellcasting
 * Level 5.6 Necromancy


You had 3 spell levels left.
You knew the following spells:

 Your Spells              Type           Power      Damage    Failure   Level
a - Necrotise             Necr           100%       1d9       1%          1
b - Vampiric Draining     Necr           35%        2d8       4%          3
c - Animate Dead          Necr           35%        N/A       14%         4
d - Cigotuvi's Dreadful   Necr/Pois/Air  30%        N/A       11%         2

Your spell library contained the following spells:

 Spells                   Type           Power      Damage    Failure   Level
 Magic Dart               Conj           12%        1d3       14%         1
 Ensorcelled Hibernation  Hex/Ice        6%         N/A       22%         2
 Poisonous Vapours        Pois/Air       6%         N/A       22%         2
 Call Canine Familiar     Summ           3%         N/A       41%         3
 Dazzling Flash           Conj/Hex       6%         N/A       41%         3
 Gell's Gravitas          Tloc           3%         N/A       41%         3
 Mephitic Cloud           Conj/Pois/Air  3%         N/A       41%         3
 Portal Projectile        Hex/Tloc       6%         N/A       41%         3
 Teleport Other           Tloc           3%         N/A       41%         3
 Agony                    Necr           35%        N/A       38%         5
 Anguish                  Hex/Necr       10%        N/A       41%         4
 Iskenderun's Mystic Bla  Conj/Tloc      3%         2d3       82%         4
 Leda's Liquefaction      Hex/Erth       1%         N/A       82%         4
 Dispersal                Tloc           1%         N/A       100%        6
 Starburst                Conj/Fire      1%         6d3       100%        6
 Spider Form              Tmut/Pois      Unusable   N/A       N/A         3

Dungeon Overview and Level Annotations

Branches:
Dungeon (6/15)             Temple (1/1) D:4

Altars:
Dithmenos
Fedhas
Hepliaklqana
Kikubaaqudgha
Nemelex Xobeh
Okawaru
Qazlal
Ru
Sif Muna
Trog
Vehumet
Xom

Shops:
D:1 (   D:3 *   D:4 *

Annotations:
D:3 Grinder, Sigmund


Innate Abilities, Weirdness & Mutations

You are immune to poison.
Your flesh is cold resistant. (rC+)
You are immune to negative energy. (rN+++)
You are immune to unholy pain and torment.
You are vulnerable to heat. (rF-)
You are in touch with the powers of death.
You do not drink.
You have a special connection with the divine. (Faith)


Message History

There is an open door here.
Casting: Cigotuvi's Dreadful Rot (safe; 11% risk of failure)
Confirm with . or Enter, or press ? or * to list all spells.
You feel a surge of power!
A part of your flesh rots into a cloud of miasma!
You feel drained. The necrophage barely misses you.
Really attack while wielding nothing?
Okay, then.
The necrophage attacks as you move away!
The necrophage hits you.
The necrophage attacks as you move away!
The necrophage misses you.
The necrophage attacks as you move away!
The necrophage hits you but does no damage.
The necrophage attacks as you move away!
The necrophage hits you.
Blink to where?
Press: ? - help, Dir - move target
As you read the scroll of blinking, it crumbles to dust.
You climb downwards.
You hear the sound of rushing water.
There is an entrance to a sewer on this level.
Hurry and find it before the portal rusts away!
There is a stone staircase leading up here.
You start resting.
You hear the brisk rusting of a distant drain.
You start resting.
HP restored.
There is a stone staircase leading up here.
There is a stone staircase leading up here.
You climb upwards.
The necrophage hits you but does no damage.
The necrophage hits you.
There is a stone staircase leading down here.
The necrophage hits you.
You climb downwards.
You hear the sound of rushing water.
There is an entrance to a sewer on this level.
Hurry and find it before the portal rusts away!
There is a stone staircase leading up here.
Are you sure you want to abandon this character and quit the game? (Confirm with "yes".)

#.# #.#
#.# #.#
#.# #.#
#.#
########.#
#.n@.....#
########.#
###


You could see a necrophage.

Vanquished Creatures
  A scorpion (D:5)
  A hound (D:4)
  An orc priest (D:5)
  An orc wizard (D:5)
  3 adders
  2 worms
  A dart slug (D:5)
  6 orcs
  5 bats
  6 endoplasms
  3 giant cockroaches
  3 goblins
  7 hobgoblins
  5 jackals
  4 quokkas
  10 ball pythons
  3 frilled lizards
  12 kobolds
  2 rats
  A spectral goblin (D:1)
77 creatures vanquished.

Vanquished Creatures (collateral kills)
  A dart slug (D:2)
  An orc (D:6)
  A jackal (D:1)
  A rat (D:1)
4 creatures vanquished.

Vanquished Creatures (others)
  7 orc zombies
7 creatures vanquished.

Grand Total: 88 creatures vanquished

Notes
Turn   | Place    | Note
-------+----------+-------------------------------------------
     0 | D:1      | Popcorn the Mummy Necromancer began the quest for the Orb.
     0 | D:1      | Reached XP level 1. HP: 13/13 MP: 4/4
   352 | D:1      | Reached XP level 2. HP: 18/20 MP: 1/5
   565 | D:1      | Found a faded altar of an unknown god.
   838 | D:1      | Found Qozez's Antique Weapon Emporium.
   969 | D:1      | Reached skill level 1 in Fighting
   969 | D:1      | Gained mutation: You are in touch with the powers of death.
                  | [Mummy growth]
   969 | D:1      | Reached XP level 3. HP: 26/26 MP: 2/7
   973 | D:1      | Learned a level 3 spell: Vampiric Draining
  2533 | D:3      | Reached XP level 4. HP: 32/32 MP: 4/8
  2820 | D:3      | Noticed Sigmund
  2933 | D:3      | Found Pitramad's Assorted Antiques.
  3028 | D:4      | You fall into a shaft and drop 1 floor!
  3028 | D:5      | Entered Level 5 of the Dungeon
  3315 | D:4      | Reached skill level 5 in Necromancy
  3321 | D:4      | Learned a level 4 spell: Animate Dead
  3629 | D:4      | Found a staircase to the Ecumenical Temple.
  3706 | D:4      | Found Avomunnio's Assorted Antiques.
  3709 | D:4      | Bought a fabulously ornate robe for 96 gold pieces
  3709 | D:4      | Identified the +1 robe of Reurunoi {rPois rF- Int+2} (You
                  | bought it in a shop on level 4 of the Dungeon)
  3777 | D:4      | Found a shimmering altar of Xom.
  3919 | Temple   | Entered the Ecumenical Temple
  3967 | Temple   | Became a worshipper of Ru the Awakened
  4136 | D:3      | Noticed Grinder
  4324 | D:5      | Noticed a necrophage
  4564 | D:5      | Reached XP level 5. HP: 38/38 MP: 6/10
  4611 | D:5      | Found a shimmering blue altar of Sif Muna.
  4611 | D:5      | Found an ancient bone altar of Kikubaaqudgha.
  4613 | D:5      | Found a radiant altar of Vehumet.
  4618 | D:5      | Got Vehumet's Folio of Damage Dealing
  5345 | D:6      | Noticed a phantom
  5451 | D:6      | Reached XP level 6. HP: 45/45 MP: 6/12
  5558 | D:5      | Learned a level 2 spell: Cigotuvi's Dreadful Rot
  5701 | D:6      | Quit the game

Illustrated notes

Levels and vault maps discovered:
D:1:      giann_forest_graveyard, layout_basic, serial_shops,
          nicolae_shop_crystal, dreamdust_ecumenical_altar_drowned_temple
D:2:      layout_basic
D:3:      layout_basic, serial_shops, shop, uniq_sigmund, uniq_grinder,
          uniq_crazy_yiuf_cottage
D:4:      layout_cave_pools, mainiacjoe_overflow_alcove_4,
          minmay_temple_entry_hall, serial_shops, kennysheep_mini,
          serial_forest, infiniplex_forest_clump_small,
          infiniplex_forest_diagonal, infiniplex_forest_straight_2,
          infiniplex_forest_side_room, infiniplex_forest_fountain,
          infiniplex_forest_lined_2, infiniplex_forest_straight_3,
          infiniplex_forest_clump_large, minivault_5, minivault_25
D:5:      layout_basic, grunt_temple_overflow_magic_moments
D:6:      layout_basic, nicolae_gozag_seed_capital, elyvilon_altar_5,
          gup_sewer_entry_bowl, dreamdust_gnoll_farm
Temple:   chequers_temple_sunken

Skill      XL: |  1  2  3  4  5 |
---------------+----------------+-----
Spellcasting   | 3 4 |  4.1
Fighting       | 1 2 |  2.3
Dodging        | 2 |  2.6
Necromancy     | 5 |  5.6
Stealth        | |  1.5

Action                   |  1- 3 |  4- 6 || total
-------------------------+-------+-------++-------
Melee: Unarmed           |    27 |     3 ||    30
 Cast: Necrotise         |    84 |    62 ||   146
       Animate Dead      |       |     2 ||     2
       Cigotuvi's Dreadf |       |     4 ||     4
Evoke: Wand              |       |     2 ||     2
  Use: Scroll            |     1 |     5 ||     6
Armor: Robe              |    18 |     9 ||    27
Dodge: Dodged            |    40 |    16 ||    56

Table legend: (Time is in decaauts)
 A = Elapsed time spent in this place.
 B = Non-inter-level travel time spent in this place.
 C = Inter-level travel time spent in this place.
 D = Time resting spent in this place.
 E = Time spent auto-exploring this place.
 F = Levels seen in this place.
 G = Mean time per level.
                   A        B        C        D        E       F      G
               +--------+--------+--------+--------+--------+-----+--------+
         Total |   5717 |   5407 |    310 |    488 |   3792 |   7 |  816.7 |
       Dungeon |   5654 |   5355 |    299 |    488 |   3778 |   6 |  942.3 |
        Temple |     63 |     52 |     11 |      0 |     14 |   1 |   63.0 |
               +--------+--------+--------+--------+--------+-----+--------+

Top non-repeatable levels by time:
     D:1: 1404 daAuts
     D:5: 1220 daAuts
     D:4: 1049 daAuts
     D:3: 911 daAuts
     D:2: 849 daAuts
     D:6: 218 daAuts
  Temple: 63 daAuts
